 Dungeon Crawl Stone Soup version 0.28.0-43-g3370ac3207 (webtiles) character file.

Game seed: 725771657447246157

0 smarlow the Sneak (level 1, -1/7 (9) HPs)
             Began as a Vine Stalker Enchanter on Mar 17, 2022.
             Slain by a necrophage (4 damage)
             ... on level 2 of the Dungeon.
             The game lasted 00:00:08 (161 turns).

smarlow the Sneak (Vine Stalker Enchanter)           Turns: 161, Time: 00:00:08

HP:   -1/7 (9)      AC:  2    Str: 10    XL:     1   Next: 10%
MP:   0/4           EV: 12    Int: 15    God:
Gold: 14            SH:  0    Dex: 14    Spells: 4/4 levels left

rFire   . . .      SeeInvis .   a - +1 dagger
rCold   . . .      Faith    .   (no shield)
rNeg    . . .      Spirit   +   b - +0 robe
rPois   .          Reflect  .   (no helmet)
rElec   .          Harm     .   (no cloak)
rCorr   .          Rampage  .   (no gloves)
Will    .....                   (no boots)
Stlth   ++........              (no amulet)
HPRegen 0.02/turn               (no ring)
MPRegen 0.09/turn               (no ring)

@: heavily drained
A: fangs 2, magic shield, antimagic bite, no potion heal 2
a: no special abilities


You were on level 2 of the Dungeon.
You visited 1 branch of the dungeon, and saw 2 of its levels.

You collected 14 gold pieces.

Inventory:

Hand Weapons
 a - a +1 dagger (weapon)
Armour
 b - a +0 robe (worn)
Potions
 c - a potion of invisibility
 d - 2 potions of attraction {unknown}


   Skills:
 + Level 0.8 Short Blades
 + Level 1.5 Dodging
 + Level 3.6 Stealth
 + Level 2.2 Spellcasting
 + Level 3.0 Hexes


You had 4 spell levels left.
You didn't know any spells.
Your spell library contained the following spells:

 Spells                   Type           Power      Damage    Failure   Level
 Ensorcelled Hibernation  Hex/Ice        12%        N/A       19%         2
 Confusing Touch          Hex            10%        N/A       19%         3
 Tukima's Dance           Hex            10%        N/A       19%         3
 Dazzling Flash           Conj/Hex       12%        N/A       34%         3


Dungeon Overview and Level Annotations

Branches:
Dungeon (1/15)

Altars:


Innate Abilities, Weirdness & Mutations

You have extremely sharp teeth.
When hurt, damage is shared between your health and your magic reserves.
Your bite disrupts and absorbs the magic of your enemies.
Potions cannot restore your health.


Message History

You kill the ball python!
No target in view!
No target in view!
No target in view!
HP restored.
Magic restored.
You see here a ball python corpse.
You now have 14 gold pieces.
You open the large door.
There is a large open door here.
Found a stone staircase leading down.
No target in view!
A sourceless malevolence fills the Dungeon...
You fall into a shaft and drop 1 floor!
The shaft crumbles and collapses.
A necrophage comes into view.
Found 15 stones.
Found a stone staircase leading down.
The helpless necrophage fails to defend itself.
You puncture the necrophage! You bite the necrophage. You drain its power.
The necrophage is severely damaged.
The necrophage hits you.
You closely miss the necrophage.
The necrophage is severely damaged.
You hit the necrophage. Your bite misses the necrophage.
The necrophage is severely damaged.
The necrophage barely misses you.
You hit the necrophage. Your bite misses the necrophage.
The necrophage is almost destroyed.
The necrophage hits you.
You feel drained.
You are too injured to fight recklessly!
You are too injured to fight recklessly!
You are too injured to fight recklessly!
You hit the necrophage.
The necrophage is almost destroyed.
The necrophage hits you but does no damage.
You barely miss the necrophage.
The necrophage is almost destroyed.
The necrophage hits you.
Ouch! That really hurt!
You die...

......
....
....
(..
..#
#.# #
#.#.#
#@n.#
##..#
..#
..#
#>.
###


You could see a necrophage.

Vanquished Creatures
  A ball python (D:1)
1 creature vanquished.

Notes
Turn   | Place    | Note
-------+----------+-------------------------------------------
     0 | D:1      | smarlow the Vine Stalker Enchanter began the quest for the
                  | Orb.
     0 | D:1      | Reached XP level 1. HP: 9/9 MP: 4/4
   155 | D:1      | You fall into a shaft and drop 1 floor!
   155 | D:2      | Noticed a necrophage
   161 | D:2      | Slain by a necrophage

Illustrated notes

Levels and vault maps discovered:
D:1:      denvon_arrival_planthouse, layout_basic, minmay_misc_feat_roman,
          due_unseen_surprise
D:2:      layout_basic, hellmonk_ecumenical_altar_heavens_door

Action                   || total
-------------------------++-------
Melee: Dagger            ||     7
       Bite              ||     1
 Stab: Sleeping          ||     1
Armor: Robe              ||     1
Dodge: Dodged            ||     1
